 Dungeon Crawl Stone Soup version 0.24.0-123-gd5b16e6ec5 (webtiles) character file.

Game seed: 3846769728201624383, levelgen mode: deterministic

755 Alfie the Shooter (level 7, -1/60 HPs)
             Began as a Minotaur Hunter on Feb 12, 2020.
             Slain by a gnoll
             ... wielding a +0 club
              (6 damage)
             ... on level 4 of the Dungeon.
             The game lasted 00:15:03 (2767 turns).

Alfie the Shooter (Minotaur Hunter)                 Turns: 2767, Time: 00:15:05

Health: -1/60      AC:  6    Str: 18    XL:     7   Next: 49%
Magic:  6/6        EV: 13    Int:  8    God:
Gold:   197        SH:  0    Dex: 11    Spells: 6/6 levels left

rFire    . . .     SeeInvis .   a - +1 shortbow
rCold    . . .     Gourm    .   (shield currently unavailable)
rNeg     . . .     Faith    .   k - +3 leather armour
rPois    .         Spirit   .   (helmet restricted)
rElec    .         Reflect  .   (no cloak)
rCorr    .         Harm     .   (no gloves)
MR       .....                  (no boots)
Stlth    +.........             (no amulet)
HPRegen  0.20/turn              (no ring)
MPRegen  0.10/turn              (no ring)

@: about to teleport
A: retaliatory headbutt, horns 2
a: no special abilities


You were on level 4 of the Dungeon.
You were not hungry.

You visited 1 branch of the dungeon, and saw 4 of its levels.

You collected 197 gold pieces.

Inventory:

Hand Weapons
 a - a +1 shortbow (weapon)
 b - a +0 short sword
 j - a +0 long sword
Missiles
 d - 19 arrows (quivered)
Armour
 k - a +3 leather armour (worn)
Jewellery
 c - an uncursed ring of magical power
 o - an uncursed amulet of rage
 q - an uncursed ring of fire
Scrolls
 h - a scroll of blinking
Potions
 e - a potion of brilliance
 i - a potion of magic {unknown}
 l - a potion of lignification {unknown}
 m - 2 potions of curing
 n - a potion of cancellation {unknown}
Comestibles
 f - 3 rations


   Skills:
 + Level 4.8 Fighting
 + Level 1.8(2.7) Short Blades
 + Level 3.5(3.8) Long Blades
 + Level 7.3 Bows
 + Level 2.9 Armour
 + Level 3.5 Dodging
 + Level 1.0 Stealth


You had 6 spell levels left.
You didn't know any spells.
Your spell library was empty.

Dungeon Overview and Level Annotations

Branches:
Dungeon (4/15)
 Temple: D:4-7

Altars:
Qazlal
Yredelemnul


Innate Abilities, Weirdness & Mutations

You reflexively headbutt those who attack you in melee.
You have a pair of horns on your head.


Message History

Firing (i - inventory)
d - 21 arrows (quivered)
Press: ? - help, Shift-Dir - straight line, f/p - gnoll
Aim: a gnoll, wielding a +0 flail (almost dead)
You shoot an arrow. The arrow closely misses the gnoll.
The gnoll barely misses you.
As you read the scroll of teleportation, it crumbles to dust.
You feel strangely unstable. The gnoll closely misses you.
The gnoll barely misses you. The gnoll closely misses you.
You furiously retaliate!
You headbutt the gnoll, but do no damage.
Firing (i - inventory)
d - 20 arrows (quivered)
Press: ? - help, Shift-Dir - straight line, f/p - gnoll
Aim: a gnoll, wielding a +0 flail (almost dead)
You shoot an arrow.
The arrow hits the gnoll but does no damage.
The gnoll is almost dead.
The gnoll misses you. The gnoll hits you with a +0 flail.
* * * LOW HITPOINT WARNING * * *
The gnoll hits you with a +0 club.
You die...

..........#.#........#
....<.....#..........#
.........####........#
.).......# #........#
#.....##...##........#
##..#..###.##........#
##.###.###.##........#
#..# .........#######
#.## ....#...#(g@#
.)###.##.###.###g#####
......# #. #g....#
....### #. ##....#
........... #....#
P.P.#.##.## #....#
._..#....# #...(#
P.P.# #..# ....#.((.
....###..# .##...#...


You could see 3 gnolls.

Vanquished Creatures
  Menkaure (D:4)
  Duvessa (D:4)
  A bullfrog (D:4)
  Dowan (D:4)
  2 hounds
  An orc priest (D:3)
  4 orc wizards
  A worker ant (D:4)
  A gnoll (D:4)
  5 adders
  An ooze (D:1)
  An adder skeleton (D:4)
  4 worms
  2 dart slugs
  3 leopard geckos
  21 orcs
  10 bats
  6 giant cockroaches
  7 goblins
  5 hobgoblins
  12 jackals
  7 kobolds
  2 quokkas
  4 frilled lizards
  A quokka skeleton (D:4)
  8 rats
112 creatures vanquished.

Notes
Turn   | Place    | Note
-------+----------+-------------------------------------------
     0 | D:1      | Alfie the Minotaur Hunter began the quest for the Orb.
     0 | D:1      | Reached XP level 1. HP: 18/18 MP: 0/0
   174 | D:1      | Reached XP level 2. HP: 21/25 MP: 1/1
   395 | D:1      | Reached skill level 1 in Armour
   735 | D:2      | Reached XP level 3. HP: 27/30 MP: 2/2
   803 | D:2      | Found a stormy altar of Qazlal.
   851 | D:2      | Reached skill level 1 in Short Blades
  1009 | D:2      | Reached XP level 4. HP: 27/38 MP: 3/3
  1012 | D:2      | Reached skill level 5 in Bows
  1594 | D:3      | Reached XP level 5. HP: 42/45 MP: 4/4
  1706 | D:3      | Reached skill level 6 in Bows
  2134 | D:4      | Reached XP level 6. HP: 50/52 MP: 5/5
  2136 | D:4      | Reached skill level 1 in Long Blades
  2143 | D:4      | Noticed Dowan
  2148 | D:4      | Noticed Duvessa
  2212 | D:4      | Found a basalt altar of Yredelemnul.
  2376 | D:4      | Killed Dowan
  2416 | D:4      | Noticed Menkaure
  2514 | D:4      | Killed Menkaure
  2514 | D:4      | Reached skill level 7 in Bows
  2514 | D:4      | Reached skill level 1 in Stealth
  2514 | D:4      | Reached XP level 7. HP: 47/60 MP: 6/6
  2571 | D:4      | Killed Duvessa
  2767 | D:4      | Slain by a gnoll

Levels and vault maps discovered:
D:1:      minmay_arrival_stair_chambers, layout_basic
D:2:      layout_basic, grunt_qazlal_sundering
D:3:      layout_basic
D:4:      layout_rooms, serial_rivers, chequers_serial_rivers_small_a,
          chequers_serial_rivers_small_b, chequers_serial_rivers_small_3,
          chequers_serial_rivers_small_a, chequers_serial_rivers_micro_c,
          chequers_serial_rivers_micro_a, yredelemnul_altar_generic,
          uniq_duvessa, uniq_menkaure

Skill      XL: |  1  2  3  4  5  6  7 |
---------------+----------------------+-----
Armour         | 1 2 |  2.9
Short Blades   | 1 |  1.8
Fighting       | 3 4 |  4.8
Bows           | 5 6 7 |  7.3
Long Blades    | 2 3 |  3.5
Dodging        | 3 |  3.5
Stealth        | 1 |  1.0

Action                   |  1- 3 |  4- 6 |  7- 9 || total
-------------------------+-------+-------+-------++-------
Melee: Short sword       |    23 |       |       ||    23
       Headbutt          |     7 |    17 |     9 ||    33
       Long sword        |     6 |    90 |    33 ||   129
 Fire: Shortbow          |    62 |   118 |    24 ||   204
  Use: Scroll            |     4 |     4 |     3 ||    11
       Potion            |       |     3 |     1 ||     4
  Eat: Ration            |       |     2 |       ||     2
Armor: Leather armour    |    26 |    47 |    22 ||    95
Dodge: Dodged            |    48 |   107 |    37 ||   192
       Rpst.: Long sword |     4 |    28 |    11 ||    43
